AoeStats
← El Plom9721

Arena

510936291Analyzed
1v1 RM · 10h ago on Oct 3, 2026· 29m 33s· 2 players
Game mode
Random Map
Map size
Tiny (2 player)
Population
200
Speed
Normal
Resources
Standard
Victory
Conquest
Starting age
Dark Age
Ending age
Imperial Age
RankedLock teamsTeams togetherTeam positionsShared explorationLock speedFull tech treeHidden civsTurbo modeCheats
Victory
Defeat
🇦🇷 Spanish · Argentina
905
+17
🇨🇦 Sicilians · Canada
917
-17
El Plom9721
10:30 Feudal Age
14:11 Castle Age
12:52 Double-Bit Axe
13:50 Horse Collar
14:25 Loom
22:45 Bow Saw
24:11 Gold Mining
27:43 Imperial Age
OGSassy
4:49 Loom
11:02 Feudal Age
11:37 Double-Bit Axe
18:18 Castle Age
17:03 Horse Collar
19:48 Stone Mining
20:37 Forging
Connection lost

Rejoining the realm…

Still unreachable

The connection could not be restored.

Session expired

The server has moved on; the page needs a fresh start.